[Event "Titled Tuesday Blitz October 04 Late 2022"]
[White "Holt, Conrad"]
[Black "Tang, Andrew"]
[WhiteFideId "2034387"]
[BlackFideId "2059630"]
[WhiteElo "2592"]
[BlackElo "2581"]
[Result "1/2-1/2"]
[Round "09"]
[TimeControl "180+1"]
[Date "2022.10.04"]
[WhiteClock "0:00:05"]
[BlackClock "0:00:09"]

1. d4 d5 2. c4 e6 3. Nc3 Be7 4. Nf3 Nf6 5. Bf4 O-O 6. e3 b6 7. Be2 c5 8. cxd5 Nxd5 9. Nxd5 exd5 10. O-O Nc6 11. b3 Be6 12. Rc1 a6 13. Qd2 h6 14. Rfd1 Qd7 15. h3 Rfc8 16. Bd3 Qa7 17. dxc5 bxc5 18. e4 d4 19. e5 Bf8 20. Be4 Qd7 21. Qc2 a5 22. Nd2 a4 23. Nc4 axb3 24. axb3 Rab8 25. Qd3 Kh8 26. Qf3 Nb4 27. Rd2 Nd5 28. Bg3 Rd8 29. Bc2 Nc3 30. Qd3 g6 31. Bh4 Be7 32. Qg3 Bxc4 33. bxc4 Qe6 34. Bxe7 Qxe7 35. h4 Rb6 36. Re1 Re8 37. h5 gxh5 38. Qf3 Rg8 39. Qf5 Rg7 40. Ra1 Rb8 41. Ra6 Qg5 42. Qxg5 hxg5 43. Rh6+ Kg8 44. Rxh5 Re8 45. f4 gxf4 46. Kf1 Rg3 47. Bd3 Re3 48. Rh4 R8xe5 49. Rg4+ Kf8 50. Rxf4 Re1+ 51. Kf2 Nd1+ 52. Kg3 R1e3+ 53. Rf3 Nb2 54. Bf1 Rxf3+ 55. Kxf3 Re3+ 56. Kf4 Na4 57. Be2 Nc3 58. Bd3 Ke7 59. Kf5 Re6 60. Rb2 Rf6+ 61. Ke5 Re6+ 62. Kf5 Nd1 63. Rb7+ Kf8 64. Rc7 Nf2 65. Bc2 d3 66. Bb3 d2 67. Rd7 Re2 68. g3 Ke8 69. Rd5 Ke7 70. Kf4 Nh3+ 71. Kf3 Ng1+ 72. Kf4 Ke6 73. Bd1 Rh2 74. Bg4+ Kf6 75. Ke3 Rg2 76. Rxd2 Rxg3+ 77. Kf4 Rc3 78. Rf2 Rxc4+ 79. Kg3+ Kg5 80. Rf5+ Kg6 81. Rf1 Kg5 82. Rf5+ Kh6 83. Rf1 Rc3+ 84. Kg2 Kg5 85. Bc8 Ne2 86. Rxf7 Nf4+ 87. Kf2 Nd3+ 88. Ke2 Nf4+ 89. Kd2 Rc4 90. Rf5+ Kg6 91. Rf8 Kg7 92. Re8 Kf7 93. Re1 Kf6 94. Ba6 Rd4+ 95. Kc2 Nd5 96. Rf1+ Ke5 97. Kb3 Rb4+ 98. Kc2 Ne3+ 99. Kc3 Nxf1 100. Bxf1 Rf4 101. Bb5 Rf3+ 102. Kc4 Kd6 103. Ba6 Rf4+ 104. Kc3 Kc6 105. Be2 Kb6 106. Bh5 c4 107. Kb4 Kc6 108. Be8+ Kd5 109. Bb5 Rh4 110. Ba6 Rf4 111. Bb5 Re4 112. Ba6 Rd4 113. Bb5 Rg4 114. Ba6 Kd4 115. Bxc4 Rg1 116. Be6 Rb1+ 117. Ka3 Kc3 118. Ka2 Rb6 119. Bf7 Rf6 120. Bg8 Ra6+ 121. Kb1 Rb6+ 122. Ka1 Rb8 123. Bd5 Kc2 124. Be4+ Kb3 125. Bd5+ Ka3 126. Be4 Re8 127. Bf5 Re2 128. Bg6 Kb3 129. Bf7+ Kc2 130. Bg6+ Kc3 131. Bf7 Re7 132. Bg6 Re6 133. Bf7 Rf6 134. Be8 Rf4 135. Kb1 Rb4+ 136. Ka2 Rb2+ 137. Ka1 Rb8 138. Bd7 Rd8 139. Be6 Rb8 140. Bf5 Kb3 141. Kb1 Rf8 142. Be6+ Ka3 143. Kc2 Kb4 144. Bd5 Kc5 145. Be4 Kd4 146. Bg6 Rf2+ 147. Kb3 Rf6 148. Be8 Rb6+ 149. Kc2 Ra6 150. Bf7 Ra3 151. Be8 Rc3+ 152. Kb2 Kc4 153. Bf7+ Kb4 154. Bg6 Re3 155. Bf5 Re2+ 156. Ka1 Kb3 157. Bg6 Rf2 158. Bh7 Rf6 159. Bg8+ Kc2 160. Bh7+ Kc1 161. Ka2 Rb6 162. Ka3 Rb7 163. Be4 Re7 164. Bc6 Re5 165. Kb4 1/2-1/2


[Site "https://www.chess.com"]

[Event "Titled Tuesday Blitz October 04 Late 2022"]
[White "Howell, David W L"]
[Black "Pichot, Alan"]
[WhiteFideId "410608"]
[BlackFideId "110973"]
[WhiteElo "2567"]
[BlackElo "2578"]
[Result "1-0"]
[Round "09"]
[TimeControl "180+1"]
[Date "2022.10.04"]
[WhiteClock "0:02:01"]
[BlackClock "0:02:16"]

1. e4 c5 2. c3 d5 3. exd5 Qxd5 4. Nf3 Nf6 5. d4 Bg4 6. Nbd2 e6 7. Bc4 Qd8 8. Qb3 Qc7 9. Ne5 Nbd7 10. Nxg4 Nxg4 11. Bxe6 fxe6 12. Qxe6+ Be7 13. Qxg4 O-O 14. O-O cxd4 15. cxd4 Nf6 16. Qe6+ Kh8 17. Nf3 Bd6 18. Be3 Rae8 19. Qh3 Nd5 20. Ng5 h6 21. Ne6 1-0


[Site "https://www.chess.com"]

[Event "Titled Tuesday Blitz October 04 Late 2022"]
[White "Indjic, Aleksandar"]
[Black "Vazquez, Guillermo"]
[WhiteFideId "911925"]
[BlackFideId "3702308"]
[WhiteElo "2592"]
[BlackElo "2543"]
[Result "1/2-1/2"]
[Round "09"]
[TimeControl "180+1"]
[Date "2022.10.04"]
[WhiteClock "0:00:24"]
[BlackClock "0:00:09"]

1. c4 b6 2. d4 Bb7 3. Nf3 e6 4. a3 f5 5. Bf4 Nf6 6. h3 Be7 7. e3 O-O 8. Nc3 Ne4 9. Nxe4 Bxe4 10. Bd3 Nc6 11. Bh2 Bf6 12. Bxe4 fxe4 13. Nd2 d5 14. Rc1 Qd7 15. Qg4 Nxd4 16. exd4 Bxd4 17. O-O Rf7 18. Rc2 c5 19. b4 Raf8 20. Bg3 Qa4 21. Rcc1 Qxa3 22. Qxe6 Qxg3 23. cxd5 Bxf2+ 24. Kh1 e3 25. Ne4 Qg6 26. bxc5 bxc5 27. Nxf2 exf2 28. Qxg6 hxg6 29. Rxc5 Re7 30. g4 Re1 31. Kg2 Rxf1 32. Kxf1 Rf3 33. Rc8+ Kf7 34. Rc7+ Kf6 35. Rxa7 Rxh3 36. g5+ Kxg5 37. Rxg7 Rd3 38. Kxf2 Rxd5 39. Ra7 Kf5 40. Kf3 1/2-1/2


[Site "https://www.chess.com"]

[Event "Titled Tuesday Blitz October 04 Late 2022"]
[White "Kamsky, Gata"]
[Black "Bryakin, Mikhail"]
[WhiteFideId "2000024"]
[BlackFideId "4165314"]
[WhiteElo "2666"]
[BlackElo "2367"]
[Result "1/2-1/2"]
[Round "09"]
[TimeControl "180+1"]
[Date "2022.10.04"]
[WhiteClock "0:00:15"]
[BlackClock "0:00:15"]

1. d4 d5 2. Bf4 Nf6 3. e3 c5 4. c3 Nc6 5. Nd2 Bf5 6. Ngf3 Qb6 7. dxc5 Qxc5 8. Qb3 Qb6 9. Qxb6 axb6 10. Nd4 Nxd4 11. exd4 Bd7 12. Bd3 e6 13. O-O b5 14. a3 Be7 15. Rae1 O-O 16. h3 Rfc8 17. Re2 Ne8 18. Nf3 Nd6 19. Bxd6 Bxd6 20. Rfe1 h6 21. Ne5 Bxe5 22. Rxe5 g6 23. f4 h5 24. g4 hxg4 25. hxg4 Kg7 26. f5 gxf5 27. gxf5 Kf6 28. fxe6 fxe6 29. Rf1+ Ke7 30. Rf2 Rg8+ 31. Kf1 Raf8 32. Rxf8 Rxf8+ 33. Ke1 Rh8 34. Re2 Kd6 35. Kd2 Re8 36. Kc2 e5 37. dxe5+ Rxe5 38. Rf2 Re3 39. Rd2 Bc6 40. Kb3 Kc5 41. Bc2 Rh3 42. Rd4 Rh2 43. Bd3 Rh3 44. Kc2 Rh2+ 45. Kc1 Rh1+ 46. Kd2 Rh2+ 47. Be2 Bd7 48. Ke3 Bc6 49. Rf4 Rh3+ 50. Kd2 Rh2 51. Ke3 Rh3+ 52. Kd2 Rh2 53. Ke3 1/2-1/2


[Site "https://www.chess.com"]

[Event "Titled Tuesday Blitz October 04 Late 2022"]
[White "Korchmar, Vasiliy"]
[Black "Wieczorek, Oskar"]
[WhiteFideId "24131750"]
[BlackFideId "1133950"]
[WhiteElo "2370"]
[BlackElo "2404"]
[Result "0-1"]
[Round "09"]
[TimeControl "180+1"]
[Date "2022.10.04"]
[WhiteClock "0:00:01"]
[BlackClock "0:02:09"]

1. e4 c5 2. Nf3 e6 3. g3 Nc6 4. Bg2 Nf6 5. Qe2 e5 6. O-O Be7 7. d3 O-O 8. Nc3 Re8 9. Nd2 d6 10. Nc4 Nd4 11. Qd1 Bg4 12. f3 Be6 13. Bg5 h6 14. Bxf6 Bxf6 15. Ne3 Qd7 16. Ncd5 Bd8 17. c3 Nc6 18. f4 f6 19. f5 Bf7 20. g4 Ne7 21. h4 Nxd5 22. exd5 b5 23. Be4 c4 24. dxc4 Bb6 25. Qf3 bxc4 26. Kh2 Qb5 27. g5 Qxb2+ 28. Kh1 Qxc3 29. Rae1 hxg5 30. hxg5 Kf8 31. g6 Bg8 32. Re2 Rac8 33. Kg2 Qa3 34. Rb1 c3 35. Rc2 Qa5 36. Rb3 Bxe3 37. Qxe3 Bxd5 38. Bxd5 Qxd5+ 39. Kf2 Rc4 40. Rb7 Qxb7 0-1


[Site "https://www.chess.com"]

[Event "Titled Tuesday Blitz October 04 Late 2022"]
[White "Kozak, Adam"]
[Black "Gunduz, Umut Erdem"]
[WhiteFideId "753246"]
[BlackFideId "6381383"]
[WhiteElo "2459"]
[BlackElo "2182"]
[Result "1-0"]
[Round "09"]
[TimeControl "180+1"]
[Date "2022.10.04"]
[WhiteClock "0:01:36"]
[BlackClock "0:00:18"]

1. d4 Nf6 2. c4 e6 3. Nc3 c5 4. d5 exd5 5. cxd5 d6 6. e4 g6 7. Nf3 Bg7 8. h3 a6 9. a4 O-O 10. Bd3 Nbd7 11. O-O Ne8 12. Bf4 Qe7 13. a5 Nc7 14. Re1 Ne5 15. Be2 Nxf3+ 16. Bxf3 Be5 17. Bxe5 Qxe5 18. Qd2 Bd7 19. Be2 Nb5 20. Bxb5 axb5 21. f4 Qe7 22. e5 Rfe8 23. Ne4 dxe5 24. d6 Qd8 25. Nxc5 exf4 26. Rxe8+ Qxe8 27. Re1 Qd8 28. Qxf4 b6 29. Re7 Be8 30. Ne4 Kh8 31. Qe5+ 1-0


[Site "https://www.chess.com"]

[Event "Titled Tuesday Blitz October 04 Late 2022"]
[White "Kravtsiv, Martyn"]
[Black "Jobava, Baadur"]
[WhiteFideId "14113147"]
[BlackFideId "13601520"]
[WhiteElo "2694"]
[BlackElo "2582"]
[Result "0-1"]
[Round "09"]
[TimeControl "180+1"]
[Date "2022.10.04"]
[WhiteClock "0:00:01"]
[BlackClock "0:00:17"]

1. e4 d6 2. d4 Nf6 3. Nc3 e5 4. dxe5 dxe5 5. Qxd8+ Kxd8 6. Bg5 c6 7. O-O-O+ Kc7 8. Bc4 Bc5 9. f3 Rf8 10. Nge2 b5 11. Bb3 a5 12. a3 a4 13. Ba2 Nbd7 14. Ng3 h6 15. Bd2 Nb6 16. Nf5 Bxf5 17. exf5 Rad8 18. Rhe1 Bd4 19. f4 Nbd7 20. Ne2 Bf2 21. Rf1 Bb6 22. fxe5 Nxe5 23. Bf4 Ng4 24. Kb1 f6 25. Be6 Ne3 26. Bxe3 Bxe3 27. Ng3 Rde8 28. Ne4 Re7 29. h3 h5 30. b3 axb3 31. cxb3 h4 32. Kb2 g6 33. Rfe1 gxf5 34. Bxf5 Bb6 35. Re2 Rg7 36. Kc2 Rfg8 37. Rdd2 Rf8 38. Nd6 Bc5 39. Ne4 Bxa3 40. Rd1 Bb4 41. Ra1 Kb6 42. Ra2 Be7 43. Kc3 Rfg8 44. Red2 b4+ 45. Kd4 Rd8+ 46. Ke3 Rxd2 47. Rxd2 Bc5+ 0-1


[Site "https://www.chess.com"]

[Event "Titled Tuesday Blitz October 04 Late 2022"]
[White "Lazavik, Denis"]
[Black "Melkumyan, Hrant"]
[WhiteFideId "13515110"]
[BlackFideId "13302485"]
[WhiteElo "2437"]
[BlackElo "2604"]
[Result "0-1"]
[Round "09"]
[TimeControl "180+1"]
[Date "2022.10.04"]
[WhiteClock "0:00:42"]
[BlackClock "0:01:18"]

1. d4 d5 2. c4 e6 3. Nc3 Nf6 4. cxd5 exd5 5. Bg5 c6 6. e3 h6 7. Bh4 Be7 8. Bd3 O-O 9. Nge2 Re8 10. O-O Nbd7 11. a4 Nh5 12. Bxe7 Qxe7 13. a5 Ndf6 14. Qc2 g6 15. Na4 a6 16. Nc5 Ng7 17. Ra3 Bf5 18. Nf4 Bxd3 19. Nfxd3 Nf5 20. Ne5 Nd6 21. f3 Rad8 22. Rd3 Kg7 23. Re1 Nh7 24. Rdd1 Ng5 25. Qf2 Ne6 26. b4 f6 27. Ned3 Qf7 28. e4 dxe4 29. fxe4 Nb5 30. Nxe6+ Rxe6 31. Nc5 Red6 32. e5 Rxd4 33. exf6+ Qxf6 34. Ne6+ Qxe6 35. Rxe6 Rxd1+ 36. Re1 Nc3 0-1


[Site "https://www.chess.com"]

[Event "Titled Tuesday Blitz October 04 Late 2022"]
[White "Machidon, Cristi"]
[Black "Andreikin, Dmitry"]
[WhiteFideId "13904590"]
[BlackFideId "4158814"]
[WhiteElo "2312"]
[BlackElo "2736"]
[Result "0-1"]
[Round "09"]
[TimeControl "180+1"]
[Date "2022.10.04"]
[WhiteClock "0:00:27"]
[BlackClock "0:00:49"]

1. d4 d5 2. c4 e6 3. Nc3 c5 4. cxd5 cxd4 5. Qa4+ Bd7 6. Qxd4 exd5 7. Nf3 Nc6 8. Qd1 Nf6 9. Bg5 Bb4 10. e3 h6 11. Bh4 g5 12. Bg3 Ne4 13. Rc1 Qa5 14. Bd3 Nxc3 15. bxc3 Bxc3+ 16. Kf1 Rc8 17. Qb3 Bb4 18. h4 g4 19. Ne5 Be6 20. h5 O-O 21. Nxc6 Rxc6 22. Ke2 d4 23. Qb1 dxe3 24. Rxc6 bxc6 25. fxe3 Rd8 26. Rc1 c5 27. Bf4 Qa3 28. Bc4 Rd2+ 29. Kf1 Bxc4+ 30. Rxc4 Qxa2 31. Qxa2 Rxa2 32. Bxh6 Kh7 33. Bg5 g3 34. Be7 Rf2+ 35. Kg1 Re2 36. Rc1 Bd2 0-1


[Site "https://www.chess.com"]

[Event "Titled Tuesday Blitz October 04 Late 2022"]
[White "Maksimovic, Bojan"]
[Black "Sarana, Alexey"]
[WhiteFideId "14408120"]
[BlackFideId "24133795"]
[WhiteElo "2447"]
[BlackElo "2689"]
[Result "0-1"]
[Round "09"]
[TimeControl "180+1"]
[Date "2022.10.04"]
[WhiteClock "0:00:03"]
[BlackClock "0:00:22"]

1. e4 c5 2. Nf3 d6 3. d4 cxd4 4. Nxd4 Nf6 5. Nc3 a6 6. Be2 e5 7. Nb3 Be7 8. O-O O-O 9. Qd3 Be6 10. Bd2 Qc8 11. Nd5 Nxd5 12. exd5 Bf5 13. Qe3 Nd7 14. c4 h6 15. Qg3 Bg6 16. Rac1 Nf6 17. Bd3 Nh5 18. Qf3 f5 19. Qe2 b6 20. Nd4 Bg5 21. Bxg5 hxg5 22. Ne6 Nf4 23. Qd2 Nxe6 24. dxe6 Qxe6 25. Qxg5 e4 26. Be2 f4 27. Bg4 Bf5 28. Bxf5 Rxf5 29. Qg4 Qf6 30. Rfe1 Re8 31. b3 Ree5 32. Rcd1 Rg5 33. Qc8+ Kh7 34. Qd7 Qg6 35. g3 fxg3 36. fxg3 Rxg3+ 37. Kh1 e3 38. Qb7 Rh5 39. Re2 d5 40. Qe7 Qg4 41. Rde1 Qf3+ 0-1


[Site "https://www.chess.com"]

[Event "Titled Tuesday Blitz October 04 Late 2022"]
[White "Martinez Alcantara, Jose Eduardo"]
[Black "Zhigalko, Sergei"]
[WhiteFideId "3805662"]
[BlackFideId "13502956"]
[WhiteElo "2703"]
[BlackElo "2662"]
[Result "1-0"]
[Round "09"]
[TimeControl "180+1"]
[Date "2022.10.04"]
[WhiteClock "0:00:18"]
[BlackClock "0:00:01"]

1. e4 c5 2. Nf3 Nc6 3. c3 Nf6 4. Bd3 e5 5. Qe2 Be7 6. Bc4 O-O 7. d3 d6 8. Bg5 Nd7 9. Bxe7 Nxe7 10. Nbd2 Nb6 11. Bb3 Be6 12. O-O Ng6 13. Bxe6 fxe6 14. g3 Qc7 15. Rac1 Rac8 16. Ng5 Rf6 17. Ngf3 h6 18. Ne1 Rcf8 19. Ng2 d5 20. Ne3 Qd6 21. f3 R6f7 22. c4 d4 23. Ng2 Na4 24. Nb1 a6 25. b3 Nc3 26. Nxc3 dxc3 27. Kh1 Ne7 28. Rxc3 Nc6 29. f4 exf4 30. gxf4 e5 31. f5 g6 32. Nh4 Nd4 33. Qg4 Rg7 34. Rg1 h5 35. Qg2 g5 36. Nf3 g4 37. Nxd4 Qxd4 38. Rcc1 Qxd3 39. Rcd1 Qe3 40. Rge1 Qg5 41. Qd2 Qf4 42. Qd5+ Kh7 43. Rf1 Qg5 44. Qd2 Qf6 45. Qd6 h4 46. Qxf6 Rxf6 47. Kg2 g3 48. h3 b5 49. Rd5 bxc4 50. Rxe5 cxb3 51. axb3 Rb7 52. Rf4 Rxb3 53. Rxh4+ Kg8 54. Rg4+ Kf7 55. Rxg3 c4 56. Rc5 Rb2+ 57. Kf3 Rc2 58. Kf4 Rf2+ 59. Ke5 c3 60. Rc7+ 1-0


[Site "https://www.chess.com"]

[Event "Titled Tuesday Blitz October 04 Late 2022"]
[White "Mikhailovsky, Vladimir"]
[Black "Barria Zuniga, Daniel"]
[WhiteFideId "34105414"]
[BlackFideId "3400816"]
[WhiteElo "2297"]
[BlackElo "2414"]
[Result "0-1"]
[Round "09"]
[TimeControl "180+1"]
[Date "2022.10.04"]
[WhiteClock "0:00:02"]
[BlackClock "0:01:29"]

1. e4 c5 2. Nf3 Nc6 3. b4 cxb4 4. d4 g6 5. c3 Bg7 6. Bb2 Nf6 7. e5 Nd5 8. c4 Nb6 9. d5 Na5 10. Nbd2 O-O 11. Bd3 d6 12. Qe2 Bg4 13. O-O Rc8 14. Rac1 Na4 15. Bd4 Nc3 16. Qe3 Bxf3 17. Nxf3 Nxc4 18. Bxc4 Rxc4 19. Bxa7 Nxd5 20. Qd3 Rxc1 21. Rxc1 Nc3 22. exd6 Qxd6 23. Qe3 Qe6 24. Qxe6 fxe6 25. Re1 Ra8 26. Bc5 Nxa2 27. Rxe6 b3 28. Rb6 b2 29. h4 Rc8 30. Be3 Rc1+ 31. Kh2 0-1


[Site "https://www.chess.com"]

[Event "Titled Tuesday Blitz October 04 Late 2022"]
[White "Morefield, Jason"]
[Black "Ivanisevic, Ivan"]
[WhiteFideId "30920825"]
[BlackFideId "912417"]
[WhiteElo "2171"]
[BlackElo "2582"]
[Result "1-0"]
[Round "09"]
[TimeControl "180+1"]
[Date "2022.10.04"]
[WhiteClock "0:00:11"]
[BlackClock "0:00:01"]

1. d4 Nf6 2. c4 c5 3. d5 e6 4. Nc3 exd5 5. cxd5 d6 6. Nf3 g6 7. Nd2 Bg7 8. e4 O-O 9. Be2 Re8 10. O-O Nbd7 11. a4 Ne5 12. Ra3 g5 13. Re1 Ng6 14. Bf1 g4 15. Nc4 Nh5 16. Nb5 Bf8 17. a5 Ne5 18. Nxe5 Rxe5 19. g3 a6 20. Nc3 Bd7 21. Rb3 Qxa5 22. Rxb7 Bc8 23. Rb3 Bg7 24. Be2 f5 25. exf5 Bxf5 26. Be3 c4 27. Rb7 Bc8 28. Ra7 Rxa7 29. Bxa7 Qc7 30. Bd4 Re8 31. Bxg7 Qxg7 32. Bxc4 Rf8 33. Qd2 Nf6 34. Ne4 Nxe4 35. Rxe4 Bf5 36. Rf4 Qe5 37. Be2 Re8 38. Bxg4 Be4 39. Be6+ Kg7 40. Rf7+ Kh8 41. Qh6 Rg8 42. Qf6+ Qxf6 43. Rxf6 1-0


[Site "https://www.chess.com"]

[Event "Titled Tuesday Blitz October 04 Late 2022"]
[White "Nakamura, Hikaru"]
[Black "Bluebaum, Matthias"]
[WhiteFideId "2016192"]
[BlackFideId "24651516"]
[WhiteElo "2909"]
[BlackElo "2633"]
[Result "1-0"]
[Round "09"]
[TimeControl "180+1"]
[Date "2022.10.04"]
[WhiteClock "0:01:15"]
[BlackClock "0:00:03"]

1. Nf3 d5 2. g3 Bg4 3. Bg2 e6 4. d4 Nf6 5. Nbd2 Be7 6. h3 Bh5 7. c4 c6 8. Ne5 Nbd7 9. g4 Bg6 10. Nxg6 hxg6 11. e3 Qc7 12. b3 g5 13. Bb2 Nf8 14. Qc2 Qd7 15. O-O-O Ng6 16. Nf3 Nh4 17. Ne5 Qd8 18. Bf1 a5 19. a3 Bd6 20. Kb1 Qe7 21. Ka2 Rc8 22. Bd3 O-O 23. f4 c5 24. fxg5 Bxe5 25. dxe5 Ne4 26. cxd5 exd5 27. Bxe4 dxe4 28. Qxe4 Qxg5 29. e6 Rc7 30. Rd7 Rxd7 31. exd7 Ng6 32. Rd1 Qd8 33. Qxb7 Qe7 34. Bc3 a4 35. Qc8 axb3+ 36. Kb2 Qxe3 37. Qxf8+ Nxf8 38. d8=Q 1-0


[Site "https://www.chess.com"]

[Event "Titled Tuesday Blitz October 04 Late 2022"]
[White "Pakleza, Zbigniew"]
[Black "Zou, Chen"]
[WhiteFideId "1119290"]
[BlackFideId "8610959"]
[WhiteElo "2411"]
[BlackElo "2325"]
[Result "1/2-1/2"]
[Round "09"]
[TimeControl "180+1"]
[Date "2022.10.04"]
[WhiteClock "0:00:01"]
[BlackClock "0:00:04"]

1. d4 Nf6 2. Nf3 d5 3. Bf4 Bf5 4. c4 e6 5. Nc3 dxc4 6. e3 Bd6 7. Bg3 O-O 8. Bxc4 Nbd7 9. O-O Bxg3 10. hxg3 c5 11. Rc1 Rc8 12. Be2 Qe7 13. Qb3 cxd4 14. Nxd4 Nc5 15. Qa3 b6 16. b4 Nce4 17. Ncb5 a5 18. bxa5 Qxa3 19. Nxa3 bxa5 20. Nc6 Ra8 21. Rfd1 h6 22. Nb5 Kh7 23. a4 Nd5 24. g4 Bg6 25. Ne5 Nef6 26. Bf3 Be4 27. Rd4 Bxf3 28. gxf3 Kg8 29. Nc6 Kh7 30. Ne5 Kg8 31. Kf1 Rfc8 32. Nc6 Kf8 33. Ke2 Nb4 34. Rdc4 Nxc6 35. Rxc6 Rxc6 36. Rxc6 Nd5 37. Nc7 Nxc7 38. Rxc7 Ke8 39. f4 g5 40. fxg5 hxg5 41. Rc5 f6 42. Rc7 Rb8 43. Ra7 Rb4 44. Rxa5 Rxg4 45. Ra8+ Ke7 46. Kd3 Rg1 47. a5 Ra1 48. a6 Kf7 49. Kc4 g4 50. Kb5 Rb1+ 51. Kc6 Rc1+ 52. Kb6 Rb1+ 53. Kc7 Rc1+ 54. Kd6 Rd1+ 55. Kc6 Rc1+ 56. Kb6 Rb1+ 57. Ka7 Rb2 58. Rb8 Rxf2 59. Rb7+ Kg6 60. Rb6 Kf5 61. Rb5+ e5 62. Kb6 Ra2 63. Ra5 Rb2+ 64. Kc7 Rc2+ 65. Kd7 Rd2+ 66. Ke7 Rc2 67. a7 Rc8 68. a8=Q Rxa8 69. Rxa8 Ke4 70. Kxf6 Kxe3 71. Kxe5 g3 72. Ra3+ Kf2 73. Kf4 g2 74. Ra2+ Kf1 75. Kf3 g1=N+ 76. Ke3 Nh3 77. Rh2 Ng1 78. Rf2+ Ke1 79. Rf5 Ne2 80. Ra5 Nc1 81. Rd5 Ne2 82. Rd2 Nc1 83. Ra2 Kd1 84. Ra1 Kc2 85. Ra8 Nb3 86. Rc8+ Kb2 87. Kd3 Nc1+ 88. Kd2 Nb3+ 89. Kd3 Nc1+ 90. Kc4 Kc2 91. Rh8 Kd2 92. Rh2+ Ne2 93. Rg2 Ke3 94. Rg8 Kf3 95. Re8 Nf4 96. Re7 Ne2 97. Rf7+ Ke3 98. Re7+ Kf3 99. Kd3 Nf4+ 100. Kd2 Ng2 101. Re8 Nf4 102. Re3+ Kg4 103. Rb3 Kf5 104. Ke3 Ke5 105. Rb5+ Nd5+ 106. Kd3 Kd6 107. Kd4 Ne7 108. Rb6+ Kd7 109. Kc5 Kc7 110. Re6 Kd7 111. Ra6 Nf5 112. Rf6 Ne7 113. Rd6+ Kc7 114. Rd2 Nc6 115. Re2 Kd7 116. Rd2+ Kc7 117. Rd1 Ne7 1/2-1/2


[Site "https://www.chess.com"]

[Event "Titled Tuesday Blitz October 04 Late 2022"]
[White "Sorokin, Aleksey"]
[Black "Vasquez Schroeder, Rodrigo"]
[WhiteFideId "24176460"]
[BlackFideId "3400042"]
[WhiteElo "2476"]
[BlackElo "2577"]
[Result "0-1"]
[Round "09"]
[TimeControl "180+1"]
[Date "2022.10.04"]
[WhiteClock "0:00:06"]
[BlackClock "0:00:25"]

1. e4 c5 2. Nf3 d6 3. Bb5+ Nd7 4. Ba4 Nf6 5. O-O a6 6. Re1 b5 7. Bb3 c4 8. Bxc4 bxc4 9. Qe2 Qc7 10. Na3 Nb6 11. e5 dxe5 12. Nxe5 Be6 13. b3 cxb3 14. axb3 g6 15. c4 Bg7 16. d4 O-O 17. d5 Bf5 18. Bf4 Nh5 19. Bd2 e6 20. Bb4 exd5 21. Bxf8 Rxf8 22. c5 Qxc5 23. Qxa6 Ra8 24. Qb7 Bxe5 25. Rxe5 Rxa3 26. Rae1 Ra2 27. R5e3 Nf6 28. h3 Ne4 29. Qb8+ Kg7 30. g4 Be6 31. Qe5+ Kg8 32. b4 Qc2 33. R3e2 Qxe2 34. Rxe2 Rxe2 35. b5 Nc4 36. Qb8+ Kg7 37. b6 Rb2 38. b7 Nc5 39. Qf4 Nxb7 40. Qd4+ Kg8 41. g5 Rb1+ 42. Kh2 Nbd6 43. h4 Nf5 44. Qf6 Ncd6 45. Qd8+ Kg7 46. Qf6+ Kf8 47. h5 gxh5 48. Qh8+ Ke7 49. Qxh7 Rb2 50. Kg1 Ne4 51. g6 Nf6 52. Qh8 fxg6 53. Qa8 Rb1+ 54. Kg2 Kf7 55. Qa7+ Ne7 56. Qe3 Rb4 57. Qe5 Rg4+ 58. Kh2 Re4 59. Qb2 Ng4+ 60. Kg3 Re5 61. f3 Nf5+ 62. Kf4 g5+ 63. Kxg5 Nd4+ 64. Kh4 Nxf3+ 65. Kg3 Ng5 66. Kf4 Kg6 67. Qd2 Rf5+ 68. Kg3 Ne4+ 69. Kh3 Nxd2 70. Kh4 Nf3+ 0-1


[Site "https://www.chess.com"]

[Event "Titled Tuesday Blitz October 04 Late 2022"]
[White "Tanenbaum, Zachary"]
[Black "Remolar Gallen, Jose"]
[WhiteFideId "2060850"]
[BlackFideId "2215187"]
[WhiteElo "2175"]
[BlackElo "2214"]
[Result "1/2-1/2"]
[Round "09"]
[TimeControl "180+1"]
[Date "2022.10.04"]
[WhiteClock "0:00:31"]
[BlackClock "0:00:12"]

1. e4 c5 2. Nf3 d6 3. d4 cxd4 4. Nxd4 Nf6 5. Nc3 a6 6. Be3 e5 7. Nb3 Be6 8. h3 Be7 9. f4 Qc7 10. Qe2 b5 11. O-O-O Nbd7 12. g4 Bc4 13. Qd2 b4 14. Nd5 Bxd5 15. exd5 O-O 16. g5 exf4 17. Bxf4 Ne4 18. Qe3 Ndc5 19. Nd4 Rfe8 20. Nc6 Bf8 21. Qd4 g6 22. Bg2 Bg7 23. Qc4 Qb6 24. Rde1 Nf2 25. Rhf1 Na4 26. b3 Nc3 27. Bxd6 Nxa2+ 28. Kb1 Nc3+ 29. Kc1 Na2+ 30. Kb1 Nc3+ 31. Kc1 Na2+ 1/2-1/2


[Site "https://www.chess.com"]

[Event "Titled Tuesday Blitz October 04 Late 2022"]
[White "Timmermans, Mark"]
[Black "Preotu, Razvan"]
[WhiteFideId "1026399"]
[BlackFideId "2613280"]
[WhiteElo "2460"]
[BlackElo "2407"]
[Result "0-1"]
[Round "09"]
[TimeControl "180+1"]
[Date "2022.10.04"]
[WhiteClock "0:00:30"]
[BlackClock "0:00:05"]

1. Nf3 c5 2. e4 d6 3. d4 cxd4 4. Nxd4 Nf6 5. Nc3 a6 6. Be3 e5 7. Nb3 Be6 8. f3 h5 9. Nd5 Bxd5 10. exd5 Nbd7 11. Qd2 g6 12. c4 Bg7 13. Be2 b6 14. O-O O-O 15. Rac1 Kh7 16. Kh1 Ng8 17. Na1 Bh6 18. b4 a5 19. a3 axb4 20. axb4 Bxe3 21. Qxe3 Ne7 22. Nb3 Nf5 23. Qd2 Qh4 24. Kg1 Ra3 25. Qb2 Rfa8 26. Ra1 Rxa1 27. Rxa1 Rxa1+ 28. Qxa1 Qf4 29. Qc1 Nd4 30. Bd1 Qh4 31. Qc3 Nxb3 32. Bxb3 Qg5 33. g3 h4 34. Kf2 Nf6 35. Qe3 Qf5 36. Qxb6 Ng4+ 37. Kg2 h3+ 38. Kf1 Qxf3+ 39. Ke1 Qxb3 40. Qxd6 Qe3+ 41. Kd1 Nxh2 42. Qf6 Qf3+ 43. Qxf3 Nxf3 44. d6 h2 45. d7 h1=Q+ 46. Kc2 Nd4+ 47. Kb2 Qa8 48. c5 Qd8 49. c6 Nxc6 0-1


[Site "https://www.chess.com"]

[Event "Titled Tuesday Blitz October 04 Late 2022"]
[White "miragha_yev"]
[Black "Kollars, Dmitrij"]
[BlackFideId "12909572"]
[WhiteElo "2791"]
[BlackElo "2584"]
[Result "0-1"]
[Round "09"]
[TimeControl "180+1"]
[Date "2022.10.04"]
[WhiteClock "0:01:08"]
[BlackClock "0:00:15"]

1. e4 e5 2. Nf3 Nc6 3. Nc3 Nf6 4. d4 exd4 5. Nxd4 Bc5 6. Nxc6 bxc6 7. Bd3 d6 8. h3 Nd7 9. O-O Ne5 10. Qe2 Qh4 11. Be3 Bxe3 12. Qxe3 g5 13. f4 gxf4 14. Qxf4 Qxf4 15. Rxf4 Be6 16. Ne2 c5 17. Nc3 Ke7 18. Be2 Rab8 19. b3 Rb4 20. Rd1 Rg8 21. Kh2 a5 22. Rh4 Rg7 23. Rf4 Rd4 24. Nb5 Rxd1 25. Bxd1 c6 26. Nc3 Rg8 27. Rf2 c4 28. Rd2 c5 29. Nb5 cxb3 30. axb3 Rd8 31. Kg3 Bc8 32. Kf4 Bb7 33. Nc3 Bc6 34. g4 h6 35. Be2 Rb8 36. Rd1 Rb4 37. Ra1 a4 38. bxa4 Nc4 39. Bxc4 Rxc4 40. Ra3 d5 41. a5 d4 42. Nd5+ Bxd5 43. exd5 d3+ 44. Ke3 dxc2 0-1


[Site "https://www.chess.com"]

[Event "Titled Tuesday Blitz October 04 Late 2022"]
[White "Aldokhin, Ivan"]
[Black "Harvey, Marcus R"]
[WhiteFideId "24115720"]
[BlackFideId "400092"]
[WhiteElo "2313"]
[BlackElo "2457"]
[Result "0-1"]
[Round "10"]
[TimeControl "180+1"]
[Date "2022.10.04"]
[WhiteClock "0:00:02"]
[BlackClock "0:00:33"]

1. e4 c6 2. Nc3 d5 3. d4 dxe4 4. Nxe4 Nf6 5. Nxf6+ exf6 6. c3 Bd6 7. Bd3 O-O 8. Ne2 Re8 9. Qc2 h5 10. O-O h4 11. h3 Nd7 12. Kh1 Nf8 13. Ng1 Be6 14. f4 c5 15. Nf3 cxd4 16. Nxd4 a6 17. Qf2 Bc5 18. Be3 Bxd4 19. Bxd4 f5 20. Rae1 Ng6 21. Kh2 Qd5 22. a3 Qc6 23. g3 hxg3+ 24. Qxg3 Bc4 25. Rg1 Bxd3 26. Qxd3 Rxe1 27. Rxe1 Nxf4 28. Qg3 Ng6 29. h4 Re8 30. h5 Rxe1 31. Qxe1 Nf4 32. Qf2 Qh6 33. Be3 Qxh5+ 34. Kg1 Qg4+ 35. Kh2 Nd3 36. Qg3 Qxg3+ 37. Kxg3 f4+ 38. Bxf4 Nxf4 39. Kxf4 Kf8 40. Ke5 Ke7 41. c4 f6+ 42. Kf5 Kf7 43. b4 g6+ 44. Kf4 Ke6 45. a4 a5 46. b5 Kd6 47. Ke4 Kc5 48. Kd3 b6 0-1


[Site "https://www.chess.com"]